Map: Kairos Junction LE

Players

CheeseToasty - Winner!

  • Race: Protoss Protoss
  • League: Platinum
  • Spawn Location: 5:00

TiPtOP

  • Race: Terran Terran
  • League: Silver
  • Spawn Location: 11:00

VOD

Have the link to the VOD?

Description

Time

  • Played on: Aug. 18, 2019, 9:29 a.m.
  • Length: 6:55
Show
View Real Time Build Order
Export as new Build Order

CheeseToasty Protoss - Winner!

Build Orders:  

Get SALT Encoding   

  1  0:00  Probe  
  12  0:06  Probe  
  14  0:17  Pylon  
  14  0:20  Probe  
  15  0:31  Assimilator  
  15  0:35  Probe  
  16  0:47  Probe  
  17  0:57  Probe  
  18  1:05  Probe  
  19  1:13  Probe  
  19  1:36  Probe  
  20  1:49  Probe  
  19  2:13  Probe  
  20  2:25  Probe  
  21  2:30  Assimilator  
  21  2:36  Assimilator  
  21  2:37  Probe  
  21  2:44  Gateway  
  22  2:49  Probe  
  23  3:12  Pylon  
  23  3:30  Probe  
  23  3:33  Cybernetics Core  
  24  4:19  Probe  
  24  4:21  Nexus  
  24  4:22  Pylon  
  25  4:25  Assimilator  
  25  4:27  Assimilator  
  25  4:32  Probe  
  26  4:40  Stargate  
  26  4:42  Stargate  
  26  4:44  Probe  
  27  4:48  Shield Battery, Pylon  
  27  4:50  Shield Battery  
  27  4:52  Shield Battery  
  27  4:56  Probe  
  28  5:07  Pylon  
  28  5:08  Probe  
  29  5:20  Probe  
  29  5:21  Shield Battery  
  30  5:27  Void Ray x2  
  30  5:32  Probe  
  39  5:43  Probe  
  39  5:44  Probe  
  41  5:55  Probe  
  41  5:56  Probe  
  43  6:02  Pylon  
  43  6:03  Void Ray  
  43  6:07  Probe  
  43  6:08  Probe  
Show
View Real Time Build Order
Export as new Build Order

TiPtOP Terran 

Build Orders:  

Get SALT Encoding   

  12  0:01  SCV  
  13  0:13  SCV  
  14  0:18  Supply Depot  
  14  0:25  SCV  
  15  0:40  SCV  
  16  0:44  Barracks  
  16  0:50  Refinery  
  16  0:52  SCV  
  17  1:04  SCV  
  18  1:16  SCV  
  19  1:28  SCV  
  17  1:36  Supply Depot  
  16  1:46  Marine  
  1  2:24  SCV  
  3  2:36  SCV  
  3  2:38  Barracks Tech Lab  
  3  2:53  SCV  
  4  3:05  SCV, Marine  
  6  3:39  SCV  
  7  3:51  Marine  
  8  4:08  SCV  
  9  4:43  Bunker  
  9  4:55  SCV  
  10  5:17  Marine  
  11  5:25  SCV  
  12  5:35  Marine  
  13  5:38  SCV  
  14  5:50  SCV  
  15  6:02  SCV  
  16  6:10  Factory  
  16  6:15  SCV  
  17  6:27  SCV  
  18  6:39  SCV  
  19  6:52  Engineering Bay  
Tags
 
Add a new tag
Caveats
  • Supply blocks, unpowered buildings, or Contaminate may cause inaccurate times.
  • Supply counts are checked every 10 seconds.